 Dungeon Crawl Stone Soup version 0.20-a0-972-gb9bd3e6 (webtiles) character file.

126 nikopol the Magician (level 4, -3/24 HPs)
             Began as a Deep Elf Fire Elementalist on Apr 9, 2017.
             Slain by a water moccasin (6 damage)
             ... on level 3 of the Dungeon.
             The game lasted 00:10:33 (2503 turns).

nikopol the Magician (Deep Elf Fire Elementalist)   Turns: 2503, Time: 00:10:33

Health: -3/24      AC:  4    Str:  5    XL:     4   Next: 84%
Magic:  4/12       EV: 12    Int: 21    God:
Gold:   121        SH:  0    Dex: 15    Spells: 5/11 levels left

rFire    . . .     SeeInvis .   w - +2 short sword (protect)
rCold    . . .     Gourm    .   (no shield)
rNeg     . . .     Faith    +   h - +0 leather armour (curse)
rPois    .         Spirit   .   (no helmet)
rElec    .         Reflect  .   (no cloak)
rCorr    .         Harm     .   (no gloves)
MR       .....                  n - +0 pair of boots
Stlth    ++........             y - amulet of faith
Regen    0.1/turn               (no ring)
MPRegen  0.2/turn               (no ring)

@: lethally poisoned (-3 -> -28), very slightly contaminated
A: no striking features
a: no special abilities


You were on level 3 of the Dungeon.
You were not hungry.

You visited 1 branch of the dungeon, and saw 3 of its levels.

You collected 121 gold pieces.

Inventory:

Hand Weapons
 f - a +0 short sword
 w - a +2 short sword of protection (weapon)
Armour
 a - a +0 robe
 h - a cursed +0 leather armour (worn)
 n - a +0 pair of boots (worn)
Jewellery
 y - an amulet of faith (around neck)
Wands
 A - a wand of clouds (2/9)
Scrolls
 g - a scroll of recharging {unknown}
 m - 3 scrolls of identify {unknown}
 o - 2 scrolls of teleportation {unknown}
 p - a scroll of enchant armour {unknown}
 r - a scroll of fog {unknown}
 s - a scroll of remove curse {unknown}
 x - 2 scrolls of amnesia {unknown}
 z - a scroll of blinking {unknown}
Potions
 d - 2 potions of heal wounds {unknown}
 e - a potion of cancellation {unknown}
 i - a potion of berserk rage {unknown}
 k - 2 potions of agility {unknown}
 t - a potion of curing {unknown}
 u - a potion of might {unknown}
 v - a potion of lignification {unknown}
Books
 b - a book of Flames

   Spells                             Type                      Level
   a - Flame Tongue                   Conjuration/Fire             1
   b - Throw Flame                    Conjuration/Fire             2
   c - Conjure Flame                  Conjuration/Fire             3
   d - Inner Flame                    Hexes/Fire                   3
   e - Sticky Flame                   Conjuration/Fire             4
   f - Fireball                       Conjuration/Fire             5
Comestibles
 c - 4 bread rations
 j - a fruit
 l - a royal jelly
 q - a chunk of flesh


   Skills:
 * Level 1.1 Armour
 + Level 3.4 Dodging
 - Level 3.3 Stealth
 + Level 4.2 Spellcasting
 + Level 2.1 Conjurations
 + Level 3.7 Fire Magic


You had 5 spell levels left.
You knew the following spells:

 Your Spells              Type           Power        Failure   Level  Hunger
a - Flame Tongue          Conj/Fire      ###..        6%          1    None
b - Throw Flame           Conj/Fire      ###...       10%         2    #......
c - Conjure Flame         Conj/Fire      ###.....     17%         3    ###....


Dungeon Overview and Level Annotations

Branches:
Dungeon (3/15)

Altars:
Fedhas


Message History

The water moccasin poisons you!
Casting: Flame Tongue
Confirm with . or Enter, or press ? or * to list all spells.
Aiming: Flame Tongue
Press: ? - help, Shift-Dir - straight line, f/p - water moccasin
Aim: a water moccasin (lightly wounded)
The flame tongue hits the water moccasin.
The water moccasin is moderately wounded.
* * * LOW HITPOINT WARNING * * *
You feel sick. The water moccasin misses you. x2
Casting: Flame Tongue
Confirm with . or Enter, or press ? or * to list all spells.
Aiming: Flame Tongue
Press: ? - help, Shift-Dir - straight line, f/p - water moccasin
Aim: a water moccasin (moderately wounded)
The flame tongue hits the water moccasin.
The water moccasin is heavily wounded.
* * * LOW HITPOINT WARNING * * *
You feel sick. The water moccasin bites you.
You die...

###<..#.#.#.#####
#.......#.#.###
##.#.......#...#
#.....########.#
#.###.# #.#
#...#.# #.#
#.....# #.###
#S#.### #....
+@#.# ##### #.#.#
###.# .. ##


You could see a water moccasin.

Vanquished Creatures
  5 adders
  2 oozes
  3 worms
  2 dart slugs
  A leopard gecko (D:2)
  8 bats
  3 giant cockroaches
  7 goblins
  6 hobgoblins
  3 jackals (D:1)
  8 kobolds
  A quokka (D:3)
  A ball python (D:1)
  4 frilled lizards
  8 rats
62 creatures vanquished.

Notes
Turn   | Place    | Note
-------+----------+-------------------------------------------
     0 | D:1      | nikopol the Deep Elf Fire Elementalist began the quest for the Orb.
     0 | D:1      | Reached XP level 1. HP: 10/10 MP: 6/6
   246 | D:1      | Reached XP level 2. HP: 15/15 MP: 4/8
   251 | D:1      | Learned a level 2 spell: Throw Flame
  1097 | D:2      | Reached XP level 3. HP: 19/19 MP: 8/10
  1397 | D:2      | Reached skill level 4 in Spellcasting
  1444 | D:2      | Found a blossoming altar of Fedhas.
  1660 | D:2      | Reached XP level 4. HP: 24/24 MP: 7/12
  1780 | D:3      | Noticed a water moccasin
  1954 | D:3      | Reached skill level 1 in Armour
  2485 | D:3      | Learned a level 3 spell: Conjure Flame
  2503 | D:3      | Slain by a water moccasin

Vault maps used:
D:1:      minmay_arrival_shattered_statue
D:2:      lemuel_doored_altar, first_bread

Skill      XL: |  1  2  3  4 |
---------------+-------------+-----
Dodging        | 3 |  3.4
Spellcasting   | 4 |  4.2
Stealth        | 3 |  3.3
Armour         | 1 |  1.1
Conjurations   | 2 |  2.1
Fire Magic     | |  3.7

Action                   |  1- 3 |  4- 6 || total
-------------------------+-------+-------++-------
 Cast: Flame Tongue      |    64 |    51 ||   115
       Throw Flame       |     6 |       ||     6
  Eat: Chunk             |     2 |     3 ||     5
Armor: Leather armour    |     3 |       ||     3
Dodge: Dodged            |    19 |    17 ||    36
